 Dungeon Crawl Stone Soup version 0.30-a0-1016-gfb0d676c02 (webtiles) character file.

Game seed: 16140238998946768864

205 Foolio the Trooper (level 5, -5/42 HPs)
             Began as a Demonspawn Chaos Knight on Apr 6, 2023.
             Was a Plaything of Xom.
             Slain by Crazy Yiuf
             ... wielding a +2 quarterstaff of chaos
              (11 damage)
             ... on level 3 of the Dungeon.
             The game lasted 00:10:40 (2213 turns).

Foolio the Trooper (Demonspawn Chaos Knight)        Turns: 2213, Time: 00:10:41

Health: -5/42      AC: 12    Str: 12    XL:     5   Next: 53%
Magic:  6/7        EV:  6    Int: 14    God:    Xom [.....*]
Gold:   204        SH:  0    Dex: 14    Spells: 5/6 levels left

rFire   + . .      SeeInvis .    a - +0 hand axe (chaos)
rCold   . . .      Faith    .    (no shield)
rNeg    . . .      Spirit   .    o - +4 chain mail {rF+}
rPois   .          Reflect  .    (no helmet)
rElec   .          Rampage  .    (no cloak)
rCorr   .                        (no gloves)
Will    .....                    (no boots) Stlth
                                 (no amulet)
HPRegen 0.27/turn                (no ring)
MPRegen 0.10/turn                (no ring)

@: very slightly contaminated
A: spiny 2
a: Renounce Religion


You were on level 3 of the Dungeon.
You worshipped Xom.
You were Xom's teddy bear.
You visited 1 branch of the dungeon, and saw 3 of its levels.

You collected 204 gold pieces.

Inventory:

Hand Weapons
 a - a +0 hand axe of chaos (weapon)
Armour
 b - a +2 leather armour
 o - a +4 chain mail of fire resistance (worn)
Wands
 n - a wand of polymorph (11)
Scrolls
 e - 7 scrolls of identify
 f - a scroll of enchant armour
 g - a scroll of amnesia
 h - 3 scrolls of teleportation
 j - a scroll of torment
 q - a scroll of blinking {unknown}
Potions
 d - 2 potions of cancellation
 i - 2 potions of lignification
 k - 2 potions of brilliance
 l - 2 potions of flight
 m - a potion of heal wounds
 p - 2 potions of degeneration {unknown}
Miscellaneous
 c - a piece from Xom's chessboard (15/15) (quivered)


   Skills:
 * Level 4.2 Fighting
 * Level 3.8 Axes
 + Level 2.5 Armour
 + Level 2.0 Dodging
 + Level 1.3 Spellcasting


You had 5 spell levels left.
You knew the following spells:

 Your Spells              Type           Power      Damage    Failure   Level
a - Freeze                Ice            0%         1d3       99%         1

Your spell library contained the following spells:

 Spells                   Type           Power      Damage    Failure   Level
 Blink                    Tloc           0%         N/A       100%        2
 Lesser Beckoning         Tloc           0%         N/A       100%        2
 Momentum Strike          Conj/Tloc      0%         3d8       100%        2
 Call Canine Familiar     Summ           0%         N/A       100%        3
 Dazzling Flash           Conj/Hex       0%         N/A       100%        3
 Frozen Ramparts          Ice            0%         1d1       100%        3
 Hailstorm                Conj/Ice       0%         3d3       100%        3
 Ozocubu's Armour         Ice            0%         N/A       100%        3
 Portal Projectile        Hex/Tloc       0%         N/A       100%        3
 Tukima's Dance           Hex            0%         N/A       100%        3
 Volatile Blastmotes      Fire/Tloc      0%         2d10      100%        3
 Iskenderun's Mystic Bla  Conj/Tloc      0%         2d3       100%        4
 Leda's Liquefaction      Hex/Erth       0%         N/A       100%        4
 Petrify                  Tmut/Erth      0%         N/A       100%        4
 Blade Hands              Tmut           0%         N/A       100%        5
 Metabolic Englaciation   Hex/Ice        0%         N/A       100%        5
 Starburst                Conj/Fire      0%         6d3       100%        6
 Statue Form              Tmut/Erth      0%         N/A       100%        6
 Ozocubu's Refrigeration  Ice            0%         4d7       100%        7


Dungeon Overview and Level Annotations

Branches:
Dungeon (3/15)

Altars:
Makhleb

Shops:
D:1 *   D:2 ?(

Annotations:
D:3 Crazy Yiuf


Innate Abilities, Weirdness & Mutations

You are mostly covered in sharp spines.


Message History

Crazy Yiuf zaps a wand.
The puff of flame misses you.
Okay, then.
Okay, then.
You close the door.
Crazy Yiuf opens the door.
Your magical contamination has completely faded away.
Crazy Yiuf says, "Against boredom even gods struggle in vain."
You start resting.
Your extra speed is starting to run out.
You start resting.
You feel yourself slow down.
You start resting.
Crazy Yiuf is nearby!
Crazy Yiuf zaps a wand.
The puff of flame hits you but does no damage.
Crazy Yiuf says, "One may say the eternal mystery of the world is its comprehensibility."
Xom guffaws.
Crazy Yiuf zaps a wand.
The puff of flame hits you. You resist.
Crazy Yiuf is nearby!
Your warg bites Crazy Yiuf.
Your warg bites Crazy Yiuf!
You are too injured to fight recklessly!
Your warg closely misses Crazy Yiuf.
Casting: Freeze (safe; 99% risk of failure)
Confirm with . or Enter, or press ? or * to list all spells.
Aiming: Freeze (safe; 99% risk of failure)
Press: ? - help, Shift-Dir - straight line, f/p - Crazy Yiuf
Aim: Crazy Yiuf, wielding a +2 quarterstaff of chaos, wearing a +0 cloak and carrying a wand of flame (19) (almost dead, ally target)
You miscast Freeze.
You are very lightly contaminated with residual magic.
Nothing appears to happen.
Crazy Yiuf is struck by your spines.
Crazy Yiuf hits you with a +2 quarterstaff of chaos.
Space warps around you.
Your warg bites Crazy Yiuf but does no damage.
You barely miss Crazy Yiuf.
Crazy Yiuf is almost dead.
Crazy Yiuf hits you with a +2 quarterstaff of chaos!
* * * LOW HITPOINT WARNING * * *
You convulse!
You die...

......#### #....<....#
##.. ....### #######.###
##..# ....#
###.#######..## #####
#######...........##
#.......#.....<######
####
#.#######.####.####..
...### ##.##......#
#..>.#.. ..g..##
##..##.###### ####....
.P....#####..###@# ##...
#..#...........g.# #...
#########......h.#
#####... #.^# #........#
#.....## ##.###........#
####.#####
###..#.........# ###....#
#..............#
##...####
####...).........###..###
.....#......##.......##


You could see Crazy Yiuf (ally target) and a friendly warg (summoned).

Vanquished Creatures
  An ogre (D:3)
  Terence (D:3)
  4 gnolls (D:3)
  2 adders (D:2)
  A worm (D:2)
  3 ball pythons
  9 endoplasms
  3 giant cockroaches
  4 goblins
  4 hobgoblins
  5 bats
  3 frilled lizards
  2 kobolds
  2 rats
44 creatures vanquished.

Vanquished Creatures (others)
  A frilled lizard zombie (D:3)
  11 plants (D:2)
12 creatures vanquished.

Grand Total: 56 creatures vanquished

Notes
Turn   | Place    | Note
-------+----------+-------------------------------------------
     0 | D:1      | Foolio the Demonspawn Chaos Knight began the quest for the
                  | Orb.
     0 | D:1      | Reached XP level 1. HP: 18/18 MP: 1/1
    74 | D:1      | Reached skill level 1 in Dodging
   162 | D:1      | XOM: silly message
   226 | D:1      | Gained mutation: You are partially covered in sharp spines.
                  | [demonic ancestry]
   226 | D:1      | Reached XP level 2. HP: 24/24 MP: 2/2
   269 | D:1      | Found Wiret's Assorted Antiques.
   831 | D:2      | Found a burning altar of Makhleb.
   840 | D:2      | Learned a level 1 spell: Freeze
   966 | D:2      | Found a faded altar of an unknown god.
  1122 | D:2      | Found Goifibla's Magic Scroll Boutique.
  1175 | D:2      | Found Appig's Antique Weapon Shoppe.
  1185 | D:2      | Gained mutation: You are mostly covered in sharp spines.
                  | [demonic ancestry]
  1185 | D:2      | Reached XP level 3. HP: 29/29 MP: 1/3
  1460 | D:3      | XOM: cast spell 'Cause Fear'
  1492 | D:3      | Reached XP level 4. HP: 29/36 MP: 1/4
  1637 | D:3      | Noticed an ogre
  1647 | D:3      | XOM: butterfly on damage
  1652 | D:3      | Killed an ogre
  1653 | D:3      | Reached skill level 4 in Fighting
  1653 | D:3      | Reached skill level 1 in Spellcasting
  1653 | D:3      | Reached XP level 5. HP: 25/42 MP: 3/6
  1743 | D:3      | Noticed Terence
  1774 | D:3      | Killed Terence
  1936 | D:3      | XOM: noise
  2036 | D:3      | Found a runed translucent door.
  2037 | D:3      | Noticed Crazy Yiuf
  2207 | D:3      | XOM: cast spell 'Call Canine Familiar'
  2213 | D:3      | Slain by Crazy Yiuf

Illustrated notes

Levels and vault maps discovered:
D:1:      sevenhm_arrival_forest_fort_large_2, layout_loops_ring, serial_shops,
          shop
D:2:      layout_rooms, basic_altar, serial_shops, nicolae_shop_waterfront,
          shop, dilly_ecumenical_altar_fadedgnrine
D:3:      layout_rooms, uniq_crazy_yiuf_cottage, uniq_terence

Skill      XL: |  1  2  3  4  5 |
---------------+----------------+-----
Dodging        | 1 2 |  2.0
Armour         | 2 |  2.5
Axes           | 3 |  3.8
Fighting       | 4 |  4.2
Spellcasting   | 1 |  1.3

Action                     |  1- 3 |  4- 6 || total
---------------------------+-------+-------++-------
  Melee: Hand axe          |    46 |    19 ||    65
         Unarmed           |       |    15 ||    15
   Cast: Freeze            |     9 |     5 ||    14
    Use: Scroll            |     8 |       ||     8
         Potion            |       |     1 ||     1
   Stab: Paralysed         |     2 |       ||     2
 Armour: Leather armour    |    23 |     1 ||    24
         Chain mail        |       |     3 ||     3
  Dodge: Dodged            |    27 |    16 ||    43

Table legend: (Time is in decaauts)
 A = Elapsed time spent in this place.
 B = Non-inter-level travel time spent in this place.
 C = Inter-level travel time spent in this place.
 D = Time resting spent in this place.
 E = Time spent auto-exploring this place.
 F = Levels seen in this place.
 G = Mean time per level.
                   A        B        C        D        E       F      G
               +--------+--------+--------+--------+--------+-----+--------+
         Total |   2206 |   2125 |     81 |      9 |   1585 |   3 |  735.3 |
       Dungeon |   2206 |   2125 |     81 |      9 |   1585 |   3 |  735.3 |
               +--------+--------+--------+--------+--------+-----+--------+

Top non-repeatable levels by time:
     D:3: 810 daAuts
     D:1: 760 daAuts
     D:2: 635 daAuts
